 Dungeon Crawl Stone Soup version 0.22-a0-246-gdc04c06 (webtiles) character file.

6895 RoseArtemis the Basher (level 10, 0/145 HPs)
             Began as a Minotaur Fighter on Feb 22, 2018.
             Was a Believer of Nemelex Xobeh.
             Succumbed to a hornet's poison
             ... on level 10 of the Dungeon.
             The game lasted 00:20:16 (10602 turns).

RoseArtemis the Basher (Minotaur Fighter)          Turns: 10602, Time: 00:20:17

Health: 0/145      AC: 13    Str: 24    XL:     10   Next: 79%
Magic:  9/9        EV:  2    Int:  5    God:    Nemelex Xobeh [**....]
Gold:   641        SH: 10    Dex: 10    Spells: 9/9 levels left

rFire    . . .     SeeInvis .   a - +2 mace (drain)
rCold    + . .     Gourm    .   c - +0 shield
rNeg     + + +     Faith    .   (armour currently unavailable)
rPois    +         Spirit   .   (helmet currently unavailable)
rElec    .         Reflect  .   (cloak currently unavailable)
rCorr    .         Harm     .   (gloves currently unavailable)
MR       .....     NoTele   +   (boots currently unavailable)
Stlth    ++........             (no amulet)
HPRegen  0.34/turn              s - ring of protection from cold
MPRegen  0.11/turn              b - ring of stealth

@: lethally poisoned (0 -> -6), tree-form, corroded, slowed, very slow
A: (retaliatory headbutt)
a: Renounce Religion


You were on level 10 of the Dungeon.
You worshipped Nemelex Xobeh.
Nemelex Xobeh was pleased with you.
You were not hungry.
You were a tree.
You visited 2 branches of the dungeon, and saw 11 of its levels.

You collected 641 gold pieces.

Inventory:

Hand Weapons
 a - a +2 mace of draining (weapon)
Armour
 c - a +0 shield (worn)
 x - a cursed +0 leather armour
 J - a +0 cloak (melded)
 K - a +0 plate armour (melded)
 L - a +1 pair of gloves (melded)
Jewellery
 b - a ring of stealth (right branch)
 s - a ring of protection from cold (left branch)
 y - an uncursed ring of positive energy {unknown}
 G - an uncursed ring of fire {unknown}
Wands
 j - a wand of random effects (47)
 q - a wand of acid (7)
 B - a wand of digging (13)
Scrolls
 g - a scroll of amnesia {unknown}
 i - 3 scrolls of teleportation {unknown}
 k - a scroll of fog {unknown}
 l - a scroll of fear {unknown}
 n - 2 scrolls of immolation {unknown}
 o - a scroll of enchant armour {unknown}
 p - 2 scrolls of blinking {unknown}
 t - a scroll of random uselessness {unknown}
 w - a scroll of magic mapping {unknown}
 z - a scroll of enchant weapon {unknown}
 A - a scroll of noise {unknown}
 D - a scroll of vulnerability {unknown}
 F - 4 scrolls of remove curse {unknown}
Potions
 d - a potion of might
 e - a potion of lignification
 h - 8 potions of curing {unknown}
 m - a potion of agility {unknown}
 r - a potion of mutation {unknown}
 u - a potion of brilliance {unknown}
 v - 2 potions of cancellation {unknown}
 C - 2 potions of haste {unknown}
 E - a potion of invisibility {unknown}
 I - a potion of flight {unknown}
 N - a potion of ambrosia {unknown}
Miscellaneous
 H - a plain deck of summoning {drawn: 1}
 O - a legendary deck of destruction
Comestibles
 f - 20 rations
 M - a chunk of flesh


   Skills:
 + Level 11.9 Fighting
 * Level 13.4 Maces & Flails
 - Level 6.0 Armour
 + Level 4.2 Dodging
 - Level 6.0 Shields


You had 9 spell levels left.
You didn't know any spells.

Dungeon Overview and Level Annotations

Branches:
Dungeon (10/15)            Temple (1/1) D:7
   Lair: D:8-11         Orc: D:9-12

Altars:
Ashenzari
Cheibriados
Dithmenos
Elyvilon
Fedhas
Gozag
Hepliaklqana
Kikubaaqudgha
Makhleb
Nemelex Xobeh
Okawaru
Qazlal
Ru
Sif Muna
Trog
Uskayaw
Vehumet
Wu Jian
Xom
Yredelemnul
Zin
The Shining One

Shops:
D:8 }


Innate Abilities, Weirdness & Mutations

((You reflexively headbutt those who attack you in melee.))
((You have a pair of horns on your head.))


Message History

The hornet stings you but does no damage.
You can move again.
You hit the hornet but do no damage.
You feel sick. The hornet stings you!
* * * LOW HITPOINT WARNING * * *
You shrug off the repeated paralysis!
You block the hornet's attack.
You miss the hornet. The hornet stings you.
* * * LOW HITPOINT WARNING * * *
You feel as though you will be slow longer.
You block the hornet's attack.
You turn into a tree.
Your +0 cloak melds into your body.
Your +1 pair of gloves melds into your body.
Your +0 plate armour melds into your body.
Your roots penetrate the ground.
You feel sick. You block the hornet's attack.
The hornet stings you but does no damage.
The hornet stings you!
* * * LOW HITPOINT WARNING * * *
You are more poisoned.
You hit the hornet but do no damage.
You die...
Your body disappears without a glow.

......................
......................
......................
...#####.############'
..#.....# ........
######.....# ........
...........+ ........
.......y...#############
.......♣...##.....#.....
#######....##.....'.....
#....##.....#.....
+....#......#.....
#....##.....#.....
#....##.....#.....
#...........#..... #
#....##.....#.....
#.##....##.....#.....


You could see a hornet.

Vanquished Creatures
  A two-headed ogre (D:8)
  An unseen horror (D:10)
  The ghost of zkyp the Chopper, a novice VSFi of Okawaru (D:8)
  The ghost of RoseArtemis the Cudgeler, a novice HOFi (D:6)
  Grinder (D:5)
  A hippogriff (D:10)
  A hornet (D:10)
  Eustachio (D:5)
  5 yaks (D:10)
  An orc warrior (D:8)
  5 sky beasts
  A black bear (D:8)
  2 ice beasts
  A necrophage (D:9)
  An ogre (D:4)
  9 centaurs
  4 bullfrogs
  A wyvern zombie (D:10)
  2 scorpions
  4 howler monkeys
  6 crimson imps
  A centaur zombie (D:7)
  6 hounds
  5 jellies
  A bullfrog skeleton (D:10)
  6 orc priests
  Terence (D:2)
  3 iguanas
  2 worker ants
  Natasha (thrice) (D:3)
  5 orc wizards
  A killer bee zombie (D:8)
  A hound zombie (D:8)
  A hound skeleton (D:6)
  A worker ant zombie (D:7)
  11 adders
  An ooze (D:3)
  An adder zombie (D:9)
  2 adder skeletons
  3 worms
  A dart slug (D:5)
  4 leopard geckos
  32 orcs
  6 bats
  4 giant cockroaches
  4 goblins
  6 hobgoblins
  12 jackals
  2 quokkas
  4 frilled lizards
  A jackal skeleton (D:8)
  A jackal zombie (D:6)
  7 kobolds
  2 leopard gecko skeletons
  A quokka skeleton (D:4)
  5 rats
197 creatures vanquished.

Notes
Turn   | Place    | Note
-------+----------+-------------------------------------------
     0 | D:1      | RoseArtemis the Minotaur Fighter began the quest for the Orb.
     0 | D:1      | Reached XP level 1. HP: 19/19 MP: 0/0
   170 | D:1      | Reached skill level 3 in Maces & Flails
   170 | D:1      | Reached XP level 2. HP: 19/27 MP: 1/1
   809 | D:2      | Noticed Terence
   817 | D:2      | Killed Terence
   817 | D:2      | Reached XP level 3. HP: 21/33 MP: 2/2
  1260 | D:2      | Reached skill level 4 in Maces & Flails
  1635 | D:2      | Reached XP level 4. HP: 41/41 MP: 3/3
  2269 | D:3      | Reached XP level 5. HP: 33/47 MP: 4/4
  2276 | D:3      | Noticed Natasha
  2286 | D:3      | Killed Natasha
  2286 | D:3      | Reached skill level 5 in Maces & Flails
  2353 | D:3      | Noticed Natasha
  2358 | D:3      | Killed Natasha
  2739 | D:3      | Reached skill level 5 in Armour
  2741 | D:3      | Reached skill level 5 in Fighting
  2826 | D:3      | Noticed Natasha
  2829 | D:3      | Killed Natasha
  2858 | D:3      | Found a blossoming altar of Fedhas.
  3067 | D:4      | Found a glowing silver altar of Zin.
  3124 | D:4      | Noticed an ogre
  3129 | D:4      | Killed an ogre
  3129 | D:4      | Reached skill level 6 in Maces & Flails
  3129 | D:4      | Reached XP level 6. HP: 52/56 MP: 5/5
  3143 | D:4      | Found a radiant altar of Vehumet.
  3143 | D:4      | Found a stormy altar of Qazlal.
  3148 | D:4      | Found a hide-covered altar of Uskayaw.
  3150 | D:4      | Found a sparkling altar of Nemelex Xobeh.
  3152 | D:4      | Found a blossoming altar of Fedhas.
  3630 | D:5      | Entered Level 5 of the Dungeon
  3671 | D:5      | Noticed a sky beast
  3680 | D:5      | Killed a sky beast
  3864 | D:5      | Noticed an ice beast
  3872 | D:5      | Killed an ice beast
  3872 | D:5      | Reached skill level 7 in Maces & Flails
  3872 | D:5      | Reached XP level 7. HP: 56/62 MP: 6/6
  4208 | D:5      | Noticed Grinder
  4213 | D:5      | Killed Grinder
  4213 | D:5      | Reached skill level 8 in Maces & Flails
  4471 | D:5      | Noticed Eustachio
  4491 | D:5      | Killed Eustachio
  4491 | D:5      | Reached XP level 8. HP: 63/71 MP: 7/7
  4724 | D:6      | Reached skill level 5 in Shields
  5021 | D:6      | Noticed RoseArtemis's ghost (novice HOFi)
  5056 | D:6      | Killed RoseArtemis's ghost
  5056 | D:6      | Reached skill level 9 in Maces & Flails
  5757 | D:6      | Reached skill level 10 in Maces & Flails
  6076 | D:7      | Reached XP level 9. HP: 64/82 MP: 8/8
  6377 | D:7      | Reached skill level 10 in Fighting
  6585 | D:7      | Found a staircase to the Ecumenical Temple.
  6776 | D:7      | Found a snail-covered altar of Cheibriados.
  6849 | Temple   | Entered the Ecumenical Temple
  7257 | D:4      | Became a worshipper of Nemelex Xobeh the Trickster
  7442 | D:8      | Found a shattered altar of Ashenzari.
  7443 | D:8      | Received a gift from Nemelex Xobeh
  7478 | D:8      | Found a bloodstained altar of Trog.
  7610 | D:8      | Found Xeozyrgho's Gadget Emporium.
  7639 | D:8      | Noticed zkyp's ghost (novice VSFi)
  7656 | D:8      | Killed zkyp's ghost
  7759 | D:8      | Reached skill level 11 in Maces & Flails
  7846 | D:8      | Found a shadowy altar of Dithmenos.
  8088 | D:8      | Noticed a two-headed ogre
  8096 | D:8      | Killed a two-headed ogre
  8259 | D:8      | Reached XP level 10. HP: 95/95 MP: 9/9
  8499 | D:9      | Reached skill level 12 in Maces & Flails
  8537 | D:9      | Reached skill level 1 in Dodging
  8798 | D:9      | Reached * piety under Nemelex Xobeh
  9227 | D:10     | Entered Level 10 of the Dungeon
  9303 | D:10     | Paralysed by a hornet for 1 turns
  9879 | D:10     | Reached skill level 13 in Maces & Flails
  9920 | D:10     | Killed an unseen horror
 10257 | D:10     | Received a gift from Nemelex Xobeh
 10583 | D:10     | Reached ** piety under Nemelex Xobeh
 10596 | D:10     | Paralysed by a hornet for 3 turns
 10601 | D:10     | HP: 1/145 [hornet (8)]
 10602 | D:10     | Succumbed to a hornet's poison

Vault maps used:
D:1:      minmay_arrival_hallway, serial_bayou_pond_c
D:2:      uniq_terence
D:3:      hangedman_decor_lopped, fedhas_altar_fruit_tree, uniq_natasha
D:4:      chequers_temple_overflow_minitemple, lemuel_round_altar, first_ration
D:5:      uniq_grinder, uniq_eustachio
D:7:      lemuel_doored_altar, temple_fountains
D:8:      kennysheep_mini, evilmike_ruin_ashenzari, serial_shops, shop,
          grunt_pizzeria, grunt_dithmenos_smoke
D:10:     uniq_harold
Temple:   oiseaux_autumnal_temple

Skill      XL: |  1  2  3  4  5  6  7  8  9 10 |
---------------+-------------------------------+-----
Maces & Flails | 3 4 6 7 8 10 11 13 | 13.4
Fighting       | 4 5 6 8 11 | 11.9
Armour         | 4 5 6 |  6.0
Shields        | 4 6 |  6.0
Dodging        | 4 |  4.2

Action                   |  1- 3 |  4- 6 |  7- 9 | 10-12 || total
-------------------------+-------+-------+-------+-------++-------
Melee: Flail             |    67 |    99 |       |       ||   166
       Headbutt          |    10 |    21 |    47 |    36 ||   114
       Mace              |       |    47 |   246 |   187 ||   480
Evoke: Deck              |       |       |     1 |       ||     1
  Use: Scroll            |       |     2 |     1 |     2 ||     5
       Potion            |       |       |     4 |     4 ||     8
 Stab: Distracted        |       |       |     1 |       ||     1
  Eat: Chunk             |     2 |     8 |     8 |     6 ||    24
       Ration            |       |       |     2 |       ||     2
Armor: Scale mail        |    26 |    44 |    59 |       ||   129
       Skin              |       |       |    10 |    15 ||    25
       Plate armour      |       |       |       |   129 ||   129
Dodge: Dodged            |    20 |    39 |    53 |    23 ||   135
Block: Shield            |    29 |    62 |   108 |   100 ||   299

Table legend:
 A = Spawn XP
 B = Non-spawn XP
 C = Spawn XP percentage of total XP
 D = Spawn monster count
 E = Non-spawn monster count
 F = Spawn count percentage of total count
 G = Total turns spent on level
                    A         B        C        D         E        F      G
               +---------+---------+-------+---------+---------+-------+---------
         Total |       0 |    9851 |   0.0 |       0 |     197 |   0.0 | 10602
               +---------+---------+-------+---------+---------+-------+---------
           D:1 |       0 |      15 |   0.0 |       0 |       7 |   0.0 |   784
           D:2 |       0 |      99 |   0.0 |       0 |      21 |   0.0 |  1400
           D:3 |       0 |     246 |   0.0 |       0 |      38 |   0.0 |   839
           D:4 |       0 |     177 |   0.0 |       0 |       8 |   0.0 |   704
           D:5 |       0 |    1084 |   0.0 |       0 |      19 |   0.0 |  1129
           D:6 |       0 |    1142 |   0.0 |       0 |      21 |   0.0 |  1401
           D:7 |       0 |    1050 |   0.0 |       0 |      18 |   0.0 |   872
           D:8 |       0 |    1902 |   0.0 |       0 |      13 |   0.0 |  1072
           D:9 |       0 |    1046 |   0.0 |       0 |      26 |   0.0 |   745
          D:10 |       0 |    3090 |   0.0 |       0 |      26 |   0.0 |  1375
               +---------+---------+-------+---------+---------+-------+---------
